 Dungeon Crawl Stone Soup version 0.26-a0-708-g17f3b190f9 (webtiles) character file.

Game seed: 15475812869447992639

597 marklar909 the Chopper (level 7, -2/61 HPs)
             Began as a Hill Orc Monk on Oct 28, 2020.
             Was a Believer of Qazlal.
             Slain by an ice beast (5 damage)
             ... on level 4 of the Dungeon.
             The game lasted 00:07:42 (5641 turns).

marklar909 the Chopper (Hill Orc Monk)              Turns: 5641, Time: 00:07:42

Health: -2/61      AC:  4    Str: 16    XL:     7   Next: 40%
Magic:  7/7        EV: 13    Int: 10    God:    Qazlal [**....]
Gold:   110        SH:  3    Dex: 13    Spells: 6/6 levels left

rFire    . . .     SeeInvis .   t - +3 war axe (vorpal)
rCold    . . .     Faith    .   (no shield)
rNeg     . . .     Spirit   .   r - +1 leather armour
rPois    .         Reflect  .   (no helmet)
rElec    .         Harm     .   (no cloak)
rCorr    .         Rampage  .   (no gloves)
MR       .....                  (no boots)
Stlth    +.........             (no amulet)
HPRegen  0.20/turn              (no ring)
MPRegen  0.10/turn              (no ring)

@: no status effects
A: no striking features
a: Upheaval, Renounce Religion


You were on level 4 of the Dungeon.
You worshipped Qazlal.
Qazlal was pleased with you.
You visited 1 branch of the dungeon, and saw 5 of its levels.

You collected 110 gold pieces.

Inventory:

Hand Weapons
 t - a +3 vorpal war axe (weapon)
Missiles
 f - 19 poisoned darts (quivered)
 n - 12 javelins
Armour
 b - a +0 robe
 r - a +1 leather armour (worn)
Jewellery
 i - an uncursed ring of fire {unknown}
 l - an uncursed ring of see invisible {unknown}
 m - an uncursed ring of protection from fire {unknown}
 w - a +4 ring of evasion {unknown}
Scrolls
 d - a scroll of teleportation
 h - a scroll of fog
 j - a scroll of enchant armour
 k - 3 scrolls of identify
Potions
 a - 2 potions of mutation
 c - a potion of brilliance {unknown}
 e - a potion of stabbing {unknown}
 g - 3 potions of heal wounds
 p - a potion of lignification {unknown}
 q - 2 potions of resistance
 s - a potion of curing {unknown}


   Skills:
 + Level 5.0 Fighting
 + Level 7.4 Axes
 + Level 3.1 Throwing
 + Level 2.0 Armour
 + Level 3.2 Dodging
 + Level 2.1 Stealth


You had 6 spell levels left.
You didn't know any spells.
Your spell library contained the following spells:

 Spells                   Type           Power        Failure   Level
 Corona                   Hex            #......      43%         1
 Poisonous Vapours        Pois/Air       #.....       56%         2
 Dazzling Flash           Conj/Hex       #.....       80%         3
 Static Discharge         Conj/Air       #.......     80%         3
 Silence                  Hex/Air        #.........   100%        5
 Invisibility             Hex            #.......     100%        6


Dungeon Overview and Level Annotations

Branches:
Dungeon (5/15)             Temple (0/1) D:4

Altars:
Elyvilon
Fedhas
Qazlal

Shops:
D:4 (


Message History

* * * LOW HITPOINT WARNING * * *
You open the door. The ice beast misses you.
The ice beast is struck by lightning.
You hear a shout!
Something shouts, "Go and return not, thou venomed ill-breeding dewberry!"
There is an open door here.
There is an open door here.
The ice beast completely misses you.
There is a stone staircase leading up here.
The ice beast hits you.
* * * LOW HITPOINT WARNING * * *
The ice beast freezes you!
* * * LOW HITPOINT WARNING * * *
You climb upwards.
There is a stone staircase leading down here.
Unknown command.
The ice beast hits you.
* * * LOW HITPOINT WARNING * * *
The ice beast freezes you.
You die...

.>......##........# #........'...
...##...##........# #........###.
#.##.....+......#.# #........# ##
#.#..##.##...##.#.# #........#
....##........#..÷# #........#
...##..######.##..###.[......#
...#..## #..............÷.#
.....############Y####.......#
.#..............@># #.......#
..............##### #.......#
............### #####.......#
.#...########_## #...........#
##...# ##.#.###.........###
##...# #.#...##.........#
##§.§######...#.##.........######
##§§§§§...##.#..####.............
##§§§########..## #.####.#######


You could see an ice beast.

Vanquished Creatures
  Duvessa (D:4)
  2 centaurs (D:5)
  Dowan (D:4)
  A hound (D:4)
  A centaur skeleton (D:4)
  Natasha (thrice) (D:4)
  A worker ant (D:4)
  Robin (D:4)
  4 adders
  2 oozes (D:2)
  4 worms (D:2)
  2 leopard geckos (D:2)
  An orc (D:3)
  2 giant cockroaches (D:3)
  9 goblins
  14 hobgoblins
  4 jackals (D:3)
  12 kobolds
  A quokka (D:4)
  A ball python (D:2)
  2 bats (D:1)
  A frilled lizard (D:3)
  5 rats
75 creatures vanquished.

Notes
Turn   | Place    | Note
-------+----------+-------------------------------------------
     0 | D:1      | marklar909 the Hill Orc Monk began the quest for the Orb.
     0 | D:1      | Reached XP level 1. HP: 19/19 MP: 1/1
   318 | D:1      | Reached XP level 2. HP: 16/27 MP: 2/2
  1380 | D:2      | Reached XP level 3. HP: 33/33 MP: 3/3
  1487 | D:2      | Reached skill level 1 in Throwing
  2060 | D:2      | Reached XP level 4. HP: 20/40 MP: 4/4
  2438 | D:2      | Reached skill level 5 in Axes
  3541 | D:3      | Found a blossoming altar of Fedhas.
  3731 | D:3      | Found a stormy altar of Qazlal.
  3764 | D:3      | Became a worshipper of Qazlal Stormbringer
  3764 | D:3      | Reached * piety under Qazlal
  3764 | D:3      | Reached ** piety under Qazlal
  3827 | D:4      | Reached XP level 5. HP: 46/46 MP: 5/5
  3907 | D:4      | Found a staircase to the Ecumenical Temple.
  3946 | D:4      | Noticed Robin
  3988 | D:4      | Killed Robin
  4158 | D:4      | Noticed Dowan
  4159 | D:4      | Noticed Duvessa
  4221 | D:4      | Killed Duvessa
  4221 | D:4      | Reached skill level 6 in Axes
  4221 | D:4      | Reached XP level 6. HP: 35/53 MP: 6/6
  4359 | D:4      | Killed Dowan
  4459 | D:4      | Found Ziefit Tenu's Antique Weapon Shop.
  4673 | D:4      | Identified the Papyrus of the Ensnaring Birds
  4716 | D:4      | Found a white marble altar of Elyvilon.
  4884 | D:4      | Noticed Natasha
  4896 | D:4      | Killed Natasha
  4896 | D:4      | Reached skill level 1 in Armour
  5311 | D:4      | Noticed Natasha
  5317 | D:4      | Killed Natasha
  5337 | D:4      | Noticed Natasha
  5344 | D:4      | Killed Natasha
  5445 | D:5      | Entered Level 5 of the Dungeon
  5450 | D:5      | Reached XP level 7. HP: 60/60 MP: 7/7
  5462 | D:5      | Reached skill level 7 in Axes
  5590 | D:5      | Reached skill level 5 in Fighting
  5641 | D:4      | HP: 3/61 [ice beast (2)]
  5641 | D:4      | Slain by an ice beast

Illustrated notes

Levels and vault maps discovered:
D:1:      sevenhm_arrival_forest_fort_small_3, layout_basic, serial_bayou_pond_a
D:2:      layout_basic
D:3:      layout_basic, old_standard_altar, nicolae_qazlal_eye_of_the_storm
D:4:      layout_basic, marbit_many_paths, minmay_temple_entry_waves,
          serial_shops, shop, shop_statue, minivault_24, uniq_duvessa,
          uniq_natasha, uniq_robin
D:5:      layout_layer_cave, amethyst_overflow_temple_binary,
          kennysheep_nondescript, nemelex_dance_club_becter

Skill      XL: |  1  2  3  4  5  6  7 |
---------------+----------------------+-----
Fighting       | 4 5 |  5.0
Throwing       | 1 2 3 |  3.1
Axes           | 5 6 7 |  7.4
Dodging        | 3 |  3.2
Stealth        | 2 |  2.1
Armour         | 1 2 |  2.0

Action                   |  1- 3 |  4- 6 |  7- 9 || total
-------------------------+-------+-------+-------++-------
Melee: Hand axe          |    67 |    31 |       ||    98
       War axe           |       |    69 |     5 ||    74
Throw: Dart              |    82 |    85 |       ||   167
  Use: Scroll            |       |    10 |       ||    10
 Stab: Sleeping          |     2 |       |       ||     2
Armor: Robe              |     9 |     7 |       ||    16
       Leather armour    |       |    11 |     2 ||    13
Dodge: Dodged            |    44 |    57 |     8 ||   109
Block: Other             |       |     8 |       ||     8

Table legend: (Time is in decaauts)
 A = Elapsed time spent in this place.
 B = Non-inter-level travel time spent in this place.
 C = Inter-level travel time spent in this place.
 D = Time resting spent in this place.
 E = Time spent auto-exploring this place.
 F = Levels seen in this place.
 G = Mean time per level.
                   A        B        C        D        E       F      G
               +--------+--------+--------+--------+--------+-----+--------+
         Total |   5655 |   5378 |    277 |    777 |   3816 |   5 | 1131.0 |
       Dungeon |   5655 |   5378 |    277 |    777 |   3816 |   5 | 1131.0 |
               +--------+--------+--------+--------+--------+-----+--------+

Top non-repeatable levels by time:
     D:2: 1706 daAuts
     D:4: 1501 daAuts
     D:1: 1260 daAuts
     D:3: 991 daAuts
     D:5: 195 daAuts
